 Dungeon Crawl Stone Soup version 0.31.0-12-g77e489cdc1 (webtiles) character file.

Game seed: 3357530132295900523

1768 Silvos the Mimic (level 9, 0/69 HPs)
             Began as a Merfolk Shapeshifter on Feb 23, 2024.
             Slain by a yak (16 damage)
             ... on level 5 of the Dungeon.
             The game lasted 00:06:43 (4639 turns).

Silvos the Mimic (Merfolk Shapeshifter)             Turns: 4639, Time: 00:06:43

Health: 0/69       AC:  3    Str: 14    XL:     9   Next: 7%
Magic:  9/9        EV: 16    Int: 12    God:
Gold:   219        SH:  0    Dex: 20    Spells: 8/8 levels left

rFire   + . .        n - +10 flail "Vopamp" {elec, Int+2 Dex+3}
rCold   . . .        (no shield)
rNeg    . . .        a - +1 animal skin
rPois   .            (helmet currently unavailable)
rElec   .            (cloak currently unavailable)
rCorr   .            (gloves currently unavailable)
SInv    .            (boots currently unavailable)
Will    .....        v - amulet of the acrobat
Stlth   ++           x - ring of wizardry
HPRegen 0.31/turn    u - ring of protection from fire
MPRegen 0.11/turn

%: acrobat, wizardry (x1)
@: beast-form
A: beast (slay +4), (nimble swimmer 2), mertail
a: Begin Untransformation


You were on level 5 of the Dungeon.
You were a hulking beast.
You visited 1 branch of the dungeon, and saw 5 of its levels.

You collected 219 gold pieces.

Inventory:

Hand Weapons
 e - a +2 short sword of electrocution
 g - a +2 short sword of draining
 n - the +10 flail "Vopamp" (weapon) {elec, Int+2 Dex+3}
   (You found it on level 3 of the Dungeon)

   Int+2:     It affects your intelligence (+2).
   Dex+3:     It affects your dexterity (+3).
Missiles
 c - 15 poisoned darts (quivered)
Armour
 a - a +1 animal skin (worn)
 k - a +0 cloak
 l - a +0 pair of boots
 s - a +0 pair of gloves
Jewellery
 u - a ring of protection from fire (right hand)
 v - an amulet of the acrobat (around neck)
 x - a ring of wizardry (left hand)
Talismans
 d - a flux talisman
 o - a beast talisman (active)
Wands
 h - a wand of roots (6)
 j - a wand of flame (20)
Scrolls
 i - 2 scrolls of teleportation
 p - 4 scrolls of identify
 w - a scroll of butterflies {unknown}
 y - a scroll of silence {unknown}
 A - a scroll of fog {unknown}
Potions
 f - a potion of invisibility {unknown}
 m - 2 potions of haste {unknown}
 q - 3 potions of enlightenment
 r - 2 potions of might {unknown}
 t - a potion of heal wounds {unknown}
 z - a potion of degeneration {unknown}
 B - a potion of cancellation {unknown}


   Skills:
 * Level 6.1 Fighting
 - Level 7.0 Dodging
 - Level 3.2 Unarmed Combat
 - Level 11.0 Shapeshifting


You had 8 spell levels left.
You didn't know any spells.
Your spell library contained the following spells:

 Spells                   Type           Power      Damage    Failure   Level
 Slow                     Hex            0%         N/A       13%         1
 Confusing Touch          Hex            0%         N/A       36%         3
 Sigil of Binding         Hex            0%         N/A       36%         3
 Vampiric Draining        Necr           0%         2d6       36%         3


Dungeon Overview and Level Annotations

Branches:
Dungeon (5/15)
 Temple: D:4-7

Altars:
Hepliaklqana

Annotations:
D:5 3 runed translucent doors


Innate Abilities, Weirdness & Mutations

You are a hulking beast.
Your limbs bulge with bestial killing power. (Slay +4)
((You are very nimble when in or above water. (Stealth+, EV+, Speed+++)))
Your lower body shifts to a powerful aquatic tail in water.


Message History

You sock the yak!
You kill the yak!
Your Fighting skill increases to level 5!
You barely miss the yak. The yak gores you but does no damage.
You thump the yak! Lightning courses through the yak!
The yak is heavily wounded.
The yak gores you but does no damage. The yak completely misses you.
You sock the yak!
The yak is almost dead.
The yak gores you but does no damage.
You sock the yak!
You kill the yak!
The yak gores you.
Your Fighting skill increases to level 6!
You have reached level 9!
Your experience leads to an increase in your attributes!
Your base attributes are Str 14, Int 10, Dex 15.
Increase (S)trength, (I)ntelligence, or (D)exterity?
You feel agile. x2
You hit the yak but do no damage.
You feel less wooden.
Your +1 animal skin unmelds from your body.
You turn into a hulking beast.
The yak misses you.
You hit the yak.
The yak is lightly wounded.
The yak closely misses you. The yak barely misses you.
You barely miss the yak.
The yak is lightly wounded.
The yak closely misses you.
You barely miss the yak.
The yak is lightly wounded.
The yak gores you!
* * * LOW HITPOINT WARNING * * *
You thump the yak!
The yak is heavily wounded.
The yak gores you but does no damage. x2
You bludgeon the yak!!
The yak is almost dead.
The yak gores you!
You die...

##### ######### ....# ........#
#######....# ........# #####
#.......... ........# #...#
#........#
#.##########.#.####........####
............÷...hY.............
...#########.#.####............
...#...#.....#....#####........
.#.#..##.#####....# ..#........
.#.#..##.# #......# _.#####....
.........# #.#....# .. <..
......#### #.#....##.# ##.....
.####.######.#.....#§# .#.....
......÷......#.....#.# .......


You could see a yak.

Vanquished Creatures
  Sigmund (D:5)
  5 yaks (D:5)
  Menkaure (D:5)
  An ogre (D:5)
  2 phantoms
  2 scorpions
  A howler monkey (D:4)
  A hound (D:5)
  3 iguanas
  3 orc wizards (D:5)
  8 adders
  4 gnolls
  2 ribbon worms
  2 orcs (D:5)
  10 endoplasms
  2 giant cockroaches
  6 goblins
  5 hobgoblins
  3 jackals (D:2)
  A quokka (D:2)
  9 ball pythons
  5 bats
  4 frilled lizards
  10 kobolds
  4 rats
95 creatures vanquished.

Notes
Turn   | Place    | Note
-------+----------+-------------------------------------------
     0 | D:1      | Silvos the Merfolk Shapeshifter began the quest for the
                  | Orb.
     0 | D:1      | Reached XP level 1. HP: 15/15 MP: 1/1
   293 | D:1      | Reached XP level 2. HP: 21/21 MP: 2/2
   947 | D:2      | Reached skill level 5 in Shapeshifting
   947 | D:2      | Reached XP level 3. HP: 5/26 MP: 3/3
  1466 | D:2      | Reached skill level 6 in Shapeshifting
  1470 | D:2      | Reached XP level 4. HP: 32/32 MP: 4/4
  1987 | D:3      | Noticed a scorpion
  2005 | D:3      | Killed a scorpion
  2006 | D:3      | Reached skill level 7 in Shapeshifting
  2006 | D:3      | Reached XP level 5. HP: 14/37 MP: 5/5
  2385 | D:3      | Identified the +10 flail "Vopamp" {elec, Int+2 Dex+3}
  3219 | D:4      | Reached XP level 6. HP: 43/47 MP: 6/6
  3267 | D:4      | Reached skill level 5 in Dodging
  4064 | D:5      | Entered Level 5 of the Dungeon
  4075 | D:5      | Noticed Sigmund
  4084 | D:5      | Killed Sigmund
  4085 | D:5      | Reached XP level 7. HP: 43/52 MP: 7/7
  4146 | D:5      | Noticed Menkaure
  4151 | D:5      | Killed Menkaure
  4152 | D:5      | Reached skill level 8 in Shapeshifting
  4282 | D:5      | Found a hazy altar of Hepliaklqana.
  4334 | D:5      | Reached XP level 8. HP: 55/58 MP: 8/8
  4336 | D:5      | Reached skill level 9 in Shapeshifting
  4396 | D:5      | Found a runed translucent gate.
  4396 | D:5      | Found a runed translucent gate.
  4396 | D:5      | Found a runed translucent gate.
  4599 | D:5      | Noticed a yak
  4599 | D:5      | Noticed a yak
  4600 | D:5      | Noticed a yak
  4600 | D:5      | Noticed a yak
  4600 | D:5      | Noticed a yak
  4601 | D:5      | Noticed a yak
  4618 | D:5      | Killed a yak
  4619 | D:5      | Reached skill level 10 in Shapeshifting
  4621 | D:5      | Killed a yak
  4626 | D:5      | Killed a yak
  4627 | D:5      | Reached skill level 11 in Shapeshifting
  4629 | D:5      | Killed a yak
  4630 | D:5      | Reached skill level 5 in Fighting
  4633 | D:5      | Killed a yak
  4634 | D:5      | Reached XP level 9. HP: 32/69 MP: 9/9
  4639 | D:5      | Slain by a yak

Illustrated notes

Levels and vault maps discovered:
D:1:      giann_wishing_wells, layout_basic
D:2:      layout_basic
D:3:      layout_loops_ring, serial_glass, glass_columns_a, glass_columns_a,
          glass_columns_b, glass_columns_c, item_on_display_a,
          due_unseen_surprise, item_on_display_a
D:4:      layout_cave_pods
D:5:      layout_basic, nzn_hepliaklqana_mist_gate, gammafunk_ghost_necromancy,
          uniq_menkaure, uniq_sigmund

Skill      XL: |  1  2  3  4  5  6  7  8 |
---------------+-------------------------+-----
Shapeshifting  | 5 6 7 8 11 | 11.0
Fighting       | 3 6 |  6.1
Dodging        | 3 7 |  7.0
Unarmed Combat | |  3.2

Action                     |  1- 3 |  4- 6 |  7- 9 || total
---------------------------+-------+-------+-------++-------
  Melee: Unarmed           |    23 |    14 |       ||    37
         Short sword       |    54 |    35 |       ||    89
         Punch             |     1 |     2 |       ||     3
         Flail             |       |    44 |    55 ||    99
    Use: Scroll            |     3 |     3 |       ||     6
         Potion            |       |     1 |     1 ||     2
   Stab: Sleeping          |     1 |     3 |     1 ||     5
 Armour: Animal skin       |    30 |    32 |    17 ||    79
         Skin              |       |    24 |    23 ||    47
  Dodge: Dodged            |    49 |    49 |    28 ||   126
   Form: Beast             |       |     1 |       ||     1
         Flux              |       |     1 |       ||     1
